 Dungeon Crawl Stone Soup version 0.21.1-1-g345015f (webtiles) character file.

8131 Mirai the Thaumaturge (level 11, -1/64 HPs)
             Began as a Deep Elf Conjurer on Feb 20, 2018.
             Was a Priest of Vehumet.
             Slain by a yak (8 damage)
             ... on level 11 of the Dungeon.
             The game lasted 01:05:14 (10383 turns).

Mirai the Thaumaturge (Deep Elf Conjurer)          Turns: 10383, Time: 01:05:14

Health: -1/64      AC:  8    Str:  5    XL:     11   Next: 5%
Magic:  0/46       EV: 15    Int: 24    God:    Vehumet [***...]
Gold:   442        SH:  0    Dex: 15    Spells: 12/33 levels left

rFire    + . .     SeeInvis .   v - +3 quarterstaff (chaos)
rCold    . . .     Gourm    .   (shield currently unavailable)
rNeg     . . .     Faith    .   F - +2 robe {rF+}
rPois    .         Spirit   +   a - +0 helmet
rElec    .         Reflect  .   x - +1 cloak {MR+}
rCorr    .         Harm     .   q - +0 pair of gloves
MR       ++...     Clarity  +   (no boots)
Stlth    +++.......             p - amulet of guardian spirit
HPRegen  0.00/turn              H - ring of magical power
MPRegen  0.30/turn              z - ring of magical power

@: hasted, very quick
A: clarity, inhibited regeneration
a: Renounce Religion


You were on level 11 of the Dungeon.
You worshipped Vehumet.
Vehumet was most pleased with you.
You were not hungry.

You visited 2 branches of the dungeon, and saw 12 of its levels.

You collected 534 gold pieces.
You spent 92 gold pieces at shops.

Inventory:

Hand Weapons
 g - the +6 flail "Loopy" {venom, rPois rN+ MR++ MP-9, unknown}
   (You found it on level 9 of the Dungeon)

   It poisons the flesh of those it strikes.
   It protects you from poison.
   It protects you from negative energy.
   It affects your resistance to hostile enchantments.
   It affects your magic capacity (-9).
 i - a +0 quarterstaff
 u - a cursed +2 short sword
 v - a +3 quarterstaff of chaos (weapon)
 C - a cursed +4 falchion
Armour
 a - a +0 helmet (worn)
 f - a +0 robe
 j - the +1 ring mail "Uklo" {+Fly Str+6}
   (You found it on level 7 of the Dungeon)

   It affects your strength (+6).
   It lets you fly.
 k - a +0 leather armour
 n - a +0 robe
 q - a +0 pair of gloves (worn)
 x - a +1 cloak of magic resistance (worn)
 y - a +0 robe
 F - a +2 robe of fire resistance (worn)
Jewellery
 o - an uncursed ring of resist corrosion
 p - an amulet of guardian spirit (around neck)
 z - a ring of magical power (right hand)
 H - a ring of magical power (left hand)
Wands
 h - a wand of flame (62)
 w - a wand of digging (16)
 J - a wand of acid (13)
Scrolls
 d - 4 scrolls of remove curse
 r - 9 scrolls of identify
 A - 4 scrolls of teleportation
 B - a scroll of fear
 I - 3 scrolls of amnesia
Potions
 m - 2 potions of agility
 s - 2 potions of ambrosia
 D - a potion of brilliance
 E - a potion of curing
 P - a potion of magic
Books
 b - a book of Conjurations

   Spells                             Type                      Level
   a - Magic Dart                     Conjuration                  1
   b - Searing Ray                    Conjuration                  2
   c - Dazzling Spray                 Conjuration/Hexes            3
   d - Fulminant Prism                Conjuration/Hexes            4
   e - Force Lance                    Conjuration/Translocation    4
   f - Iskenderun's Mystic Blast      Conjuration                  4
 e - a book of Power

   Spells                             Type                      Level
   a - Iskenderun's Battlesphere      Conjuration/Charms           5
   b - Venom Bolt                     Conjuration/Poison           5
   c - Bolt of Magma                  Conjuration/Fire/Earth       5
   d - Iron Shot                      Conjuration/Earth            6
   e - Orb of Destruction             Conjuration                  7
   f - Spellforged Servitor           Conjuration/Summoning        7
Comestibles
 c - 15 rations
 t - 4 chunks of flesh


   Skills:
 * Level 5.4 Fighting
 + Level 2.2 Staves
 + Level 5.3 Dodging
 + Level 4.9 Stealth
 + Level 11.9 Spellcasting
 + Level 11.0 Conjurations
 - Level 7.8 Hexes
 * Level 4.9 Charms


You had 12 spell levels left.
You knew the following spells:

 Your Spells              Type           Power        Failure   Level  Hunger
a - Magic Dart            Conj           ####         1%          1    None
b - Searing Ray           Conj           ######       1%          2    None
c - Iskenderun's Mystic   Conj           ######..     1%          4    None
d - Fulminant Prism       Conj/Hex       ######....   1%          4    None
e - Iskenderun's Battles  Conj/Chrm      ######..     1%          5    ###....
f - Venom Bolt            Conj/Pois      #####.....   3%          5    ###....


Dungeon Overview and Level Annotations

Branches:
Dungeon (11/15)            Temple (1/1) D:5             Orc (0/2) D:10
   Lair: D:8-11

Altars:
Ashenzari
Cheibriados
Dithmenos
Elyvilon
Fedhas
Gozag
Hepliaklqana
Kikubaaqudgha
Makhleb
Nemelex Xobeh
Okawaru
Qazlal
Ru
Sif Muna
Trog
Uskayaw
Vehumet
Wu Jian
Xom
Yredelemnul
Zin
The Shining One

Shops:
D:4 [   D:6 *   D:10 ([   D:11 ?*=


Innate Abilities, Weirdness & Mutations

You possess an exceptional clarity of mind.
You do not regenerate when monsters are visible.


Message History

The bullfrog hits the plant but does no damage.
The searing ray hits the yak.
The yak is heavily wounded.
The bullfrog hits the plant but does no damage.
The yak gores you!
A stone appears from out of thin air!
The stone barely misses you.
The searing ray hits the yak.
The yak is severely wounded.
You finish channeling your searing ray.
The bullfrog hits the plant.
The yak gores you!
A stone appears from out of thin air!
The stone hits you.
* * * LOW HITPOINT WARNING * * *
The bullfrog hits the plant but does no damage.
Unknown command.
You feel yourself speed up.
The bullfrog hits the plant but does no damage.
The yak gores you!
* * * LOW HITPOINT WARNING * * *
A stone appears from out of thin air!
The stone barely misses you.
Something hits the plant.
The yak gores you!
You die...

#. ...PF.# '.... ..
PPPPP####P...
......PPP.P.P.P
.#.PP.P...P.P.
........P..)P #####
(P....P..P))##....
#(..............[.
#(Y.........[[)<[.
#@(.........).[)[.
+..(.........[..รท.
#...##.........)..
##...##..>.........
#.....+............
#.....#......##....
#.....#...... #....
#.....#.......#....
#.....#.......+....


You could see a yak.

Vanquished Creatures
  A two-headed ogre (D:9)
  Pikel (D:8)
  Joseph (D:9)
  A gargoyle (D:11)
  A hippogriff (D:6)
  2 wyverns (D:10)
  3 yaks (D:11)
  A hungry ghost (D:6)
  A porcupine (D:11)
  Duvessa (D:6)
  A sky beast (D:7)
  3 ice beasts
  6 orc warriors
  A slave (D:8)
  A black bear (D:10)
  5 ogres
  2 crocodiles (D:11)
  3 centaurs
  A big kobold (D:10)
  6 bullfrogs
  Dowan (D:6)
  A wyvern skeleton (D:9)
  6 scorpions
  4 killer bees (D:9)
  9 wights
  2 howler monkeys
  5 crimson imps
  A quasit (D:8)
  2 jellies
  6 hounds
  3 bullfrog skeletons
  A gnoll shaman (D:4)
  Crazy Yiuf (D:4)
  3 orc priests
  8 orc wizards
  2 centaur skeletons
  10 worker ants
  2 hound skeletons
  A worker ant zombie (D:5)
  A howler monkey zombie (D:10)
  4 gnolls (D:4)
  15 adders
  2 oozes
  An adder zombie (D:5)
  3 worms
  2 dart slugs
  10 leopard geckos
  45 orcs
  5 bats
  3 giant cockroaches
  7 goblins
  6 hobgoblins
  15 jackals
  13 kobolds
  3 quokkas
  6 ball pythons
  5 frilled lizards
  A leopard gecko skeleton (D:4)
  3 leopard gecko zombies (D:6)
  A quokka zombie (D:8)
  3 rats
  A spectral orc (D:3)
265 creatures vanquished.

Vanquished Creatures (others)
  A slave (D:8)
  A worker ant (D:8)
  28 fulminant prisms
  7 fungi (D:11)
37 creatures vanquished.

Grand Total: 302 creatures vanquished

Notes
Turn   | Place    | Note
-------+----------+-------------------------------------------
     0 | D:1      | Mirai the Deep Elf Conjurer began the quest for the Orb.
     0 | D:1      | Reached XP level 1. HP: 10/10 MP: 6/6
   238 | D:1      | Reached XP level 2. HP: 15/15 MP: 2/8
   489 | D:1      | Reached skill level 5 in Conjurations
   731 | D:2      | Learned a level 2 spell: Searing Ray
   809 | D:2      | Reached XP level 3. HP: 20/20 MP: 6/9
   960 | D:2      | Found a snail-covered altar of Cheibriados.
  1047 | D:2      | Reached XP level 4. HP: 24/24 MP: 7/11
  1236 | D:2      | Reached skill level 1 in Fighting
  1566 | D:3      | Learned a level 4 spell: Iskenderun's Mystic Blast
  1571 | D:3      | Learned a level 4 spell: Fulminant Prism
  1644 | D:3      | Reached XP level 5. HP: 21/29 MP: 8/13
  1645 | D:3      | Reached skill level 1 in Hexes
  1903 | D:3      | Found a basalt altar of Yredelemnul.
  2404 | D:3      | Found a stormy altar of Qazlal.
  2405 | D:3      | Found a white marble altar of Elyvilon.
  2813 | D:4      | Found a stormy altar of Qazlal.
  2868 | D:4      | Reached skill level 5 in Spellcasting
  2868 | D:4      | Reached XP level 6. HP: 34/34 MP: 11/15
  3002 | D:4      | Found Veptorhi's Antique Armour Shop.
  3016 | D:4      | Bought an embroidered robe for 92 gold pieces
  3268 | D:4      | Found a runed door.
  3272 | D:4      | Noticed Crazy Yiuf
  3278 | D:4      | Killed Crazy Yiuf
  3617 | D:4      | Found a shadowy altar of Dithmenos.
  3668 | D:4      | Reached XP level 7. HP: 34/40 MP: 8/17
  3944 | D:5      | Entered Level 5 of the Dungeon
  4673 | D:5      | Found a staircase to the Ecumenical Temple.
  4674 | D:5      | Found a faded altar of an unknown god.
  4682 | Temple   | Entered the Ecumenical Temple
  4689 | Temple   | Became a worshipper of Vehumet
  5052 | D:6      | Reached XP level 8. HP: 45/45 MP: 20/20
  5247 | D:6      | Reached skill level 5 in Hexes
  5251 | D:6      | Noticed a hippogriff
  5257 | D:6      | Killed a hippogriff
  5340 | D:6      | Found Seibekan's Assorted Antiques.
  5370 | D:6      | Noticed Duvessa
  5373 | D:6      | Noticed Dowan
  5378 | D:6      | Killed Duvessa
  5392 | D:6      | Killed Dowan
  5749 | D:6      | Reached XP level 9. HP: 41/51 MP: 23/23
  6224 | D:7      | Reached * piety under Vehumet
  6224 | D:7      | Offered knowledge of Freeze by Vehumet.
  6639 | D:7      | Got a jewelled ring mail
  6821 | D:7      | Gained mutation: You do not regenerate when monsters are visible. [potion of mutation]
  6821 | D:7      | Gained mutation: You possess an exceptional clarity of mind. [potion of mutation]
  7161 | D:8      | Noticed Pikel
  7194 | D:8      | Killed Pikel
  7194 | D:8      | Reached skill level 10 in Spellcasting
  7455 | D:8      | Learned a level 5 spell: Iskenderun's Battlesphere
  7480 | D:8      | Reached XP level 10. HP: 58/58 MP: 26/26
  7541 | D:8      | Identified the +1 ring mail "Uklo" {+Fly Str+6} (You found it on level 7 of the Dungeon)
  7597 | D:8      | Learned a level 5 spell: Venom Bolt
  7694 | D:8      | Reached skill level 1 in Staves
  7714 | D:8      | Offered knowledge of Flame Tongue by Vehumet.
  7721 | D:8      | Reached ** piety under Vehumet
  8002 | D:9      | Noticed a two-headed ogre
  8012 | D:9      | Killed a two-headed ogre
  8012 | D:9      | Reached skill level 10 in Conjurations
  8154 | D:9      | Got an iridescent flail
  8309 | D:9      | Reached skill level 5 in Dodging
  8376 | D:9      | Found an opulent altar of Gozag.
  8387 | D:9      | Found a bloodstained altar of Trog.
  8527 | D:9      | Noticed Joseph
  8543 | D:9      | Killed Joseph
  8889 | D:10     | Entered Level 10 of the Dungeon
  9030 | D:10     | Found Huka's Armour Boutique.
  9030 | D:10     | Found a staircase to the Orcish Mines.
  9033 | D:10     | Found Zoodghy's Weapon Boutique.
  9132 | D:10     | Reached skill level 5 in Fighting
  9784 | D:11     | Noticed a gargoyle
  9791 | D:11     | Found Ihesob's Jewellery Shop.
  9791 | D:11     | Found Elefreid's Assorted Antiques.
  9794 | D:11     | Killed a gargoyle
  9804 | D:11     | Offered knowledge of Ignite Poison by Vehumet.
  9813 | D:11     | Reached *** piety under Vehumet
 10235 | D:11     | Offered knowledge of Static Discharge by Vehumet.
 10310 | D:11     | Found Salaoxtyrch's Magic Scroll Shop.
 10371 | D:11     | Reached XP level 11. HP: 59/64 MP: 28/28
 10383 | D:11     | Slain by a yak

Skill      XL: |  1  2  3  4  5  6  7  8  9 10 11 |
---------------+----------------------------------+-----
Conjurations   | 5 6 7 8 9 10 11 | 11.0
Spellcasting   | 4 5 6 8 10 11 | 11.9
Fighting       | 1 2 3 4 5 |  5.4
Hexes          | 2 3 4 6 7 |  7.8
Dodging        | 3 4 5 |  5.3
Stealth        | 3 4 |  4.9
Staves         | 2 |  2.2
Charms         | 4 |  4.9

Action                   |  1- 3 |  4- 6 |  7- 9 | 10-12 || total
-------------------------+-------+-------+-------+-------++-------
Melee: Mace              |       |     3 |     6 |       ||     9
       Dagger            |       |    16 |       |       ||    16
       Quarterstaff      |       |       |     2 |     1 ||     3
 Cast: Magic Dart        |    57 |    82 |    61 |    75 ||   275
       Searing Ray       |     1 |    21 |    34 |    18 ||    74
       Iskenderun's Myst |       |     6 |    54 |    32 ||    92
       Fulminant Prism   |       |     3 |    13 |    12 ||    28
       Iskenderun's Batt |       |       |     1 |    13 ||    14
  Use: Potion            |       |     5 |     6 |     1 ||    12
       Scroll            |       |     8 |     4 |     2 ||    14
  Eat: Chunk             |       |     9 |    16 |     8 ||    33
       Ration            |       |       |       |     1 ||     1
Armor: Robe              |     5 |     6 |    21 |    21 ||    53
       Leather armour    |       |    18 |       |       ||    18
Dodge: Dodged            |     6 |    41 |    58 |    76 ||   181
